 Dungeon Crawl Stone Soup version 0.26-a0-249-g7253cd193c (webtiles) character file.

Game seed: 8532637722919252554

(classic levelgen) 9538 Amnesiac the Frost Mage (level 11, -2/54 HPs)
             Began as a Deep Elf Ice Elementalist on July 8, 2020.
             Was an Elder of Vehumet.
             Slain by a killer bee (6 damage)
             ... on level 9 of the Dungeon.
             The game lasted 00:24:10 (10807 turns).

Amnesiac the Frost Mage (DEIE)                     Turns: 10807, Time: 00:24:11

Health: -2/54      AC:  7    Str:  5    XL:     11   Next: 24%
Magic:  8/29       EV: 13    Int: 27    God:    Vehumet [****..]
Gold:   536        SH:  5    Dex: 13    Spells: 16/35 levels left

rFire    + . .     SeeInvis .   b - +6 rapier of the Tomato {vorpal, rC++ Int+3 Dex-2}
rCold    + . .     Faith    .   H - +0 buckler
rNeg     + . .     Spirit   .   q - +1 leather armour {rN+}
rPois    .         Reflect  .   (no helmet)
rElec    .         Harm     .   y - +0 cloak
rCorr    .                      A - +0 pair of gloves
MR       +....                  u - +0 pair of boots
Stlth    ++........             (no amulet)
HPRegen  0.18/turn              s - ring of fire
MPRegen  0.21/turn              (no ring)

@: lethally poisoned (-2 -> -9), frozen ramparts
A: hooves 1, MP-powered wands
a: Renounce Religion


You were on level 9 of the Dungeon.
You worshipped Vehumet.
Vehumet was greatly pleased with you.
You were full.

You visited 2 branches of the dungeon, and saw 10 of its levels.

You collected 611 gold pieces.
You spent 75 gold pieces at shops.

Inventory:

Hand Weapons
 a - a +4 hunting sling
 b - the +6 rapier of the Tomato (weapon) {vorpal, rC++ Int+3 Dex-2}
   (You found it on level 5 of the Dungeon)

   It inflicts extra damage upon your enemies.
   It affects your intelligence (+3).
   It affects your dexterity (-2).
   It greatly protects you from cold.
 m - a +1 dagger of venom
 w - a +2 dagger of draining
Missiles
 f - 434 stones (quivered)
 t - 35 sling bullets
Armour
 q - a +1 leather armour of positive energy (worn)
 u - a +0 pair of boots (worn)
 y - a +0 cloak (worn)
 A - a +0 pair of gloves (worn)
 D - the +5 scale mail "Leuq" {rPois rC+ MR+ Dex+2}
   (You found it on level 6 of the Dungeon)

   It affects your dexterity (+2).
   It protects you from cold.
   It protects you from poison.
   It affects your resistance to hostile enchantments.
 H - a +0 buckler (worn)
Jewellery
 s - a ring of fire (left hand)
Wands
 C - a wand of disintegration (18)
 G - a wand of flame (37)
Scrolls
 d - a scroll of remove curse {!r}
 h - 2 scrolls of magic mapping {!r}
 i - 2 scrolls of enchant weapon {!r}
 l - a scroll of amnesia {!r}
 n - 2 scrolls of fog {!r}
 o - 4 scrolls of teleportation {!r}
 v - 5 scrolls of identify {!r}
 z - a scroll of brand weapon {!r}
 B - 2 scrolls of fear {!r}
 E - a scroll of enchant armour {!r}
Potions
 e - 4 potions of lignification {!q}
 j - a potion of stabbing {!q}
 p - 3 potions of curing {!q}
 r - a potion of invisibility {!q}
 I - a potion of mutation {!q}
Comestibles
 c - 4 rations


   Skills:
 - Level 4.0 Dodging
 - Level 3.0 Stealth
 - Level 4.0 Shields
 + Level 12.6 Spellcasting
 * Level 14.7 Ice Magic


You had 16 spell levels left.
You knew the following spells:

 Your Spells              Type           Power        Failure   Level
a - Freeze                Ice            ####         0%          1
b - Frozen Ramparts       Ice            ######       1%          3
c - Summon Ice Beast      Ice/Summ       ######..     2%          4
d - Hailstorm             Conj/Ice       ######..     1%          4
e - Passwall              Tmut/Erth      ###.....     9%          2
v - Blink                 Tloc           N/A          9%          2
z - Ozocubu's Armour      Chrm/Ice       ######..     1%          3

Your spell library contained the following spells:

 Spells                   Type           Power        Failure   Level
 Ignite Poison            Fire/Tmut/Pois ####....     4%          3
 Sandblast                Erth           ###...       1%          1
 Inner Flame              Hex/Fire       ####....     4%          3
 Stone Arrow              Conj/Erth      ###...       4%          3
 Corona                   Hex            ###....      5%          1
 Slow                     Hex            ###.....     9%          2
 Portal Projectile        Hex/Tloc       ###...       17%         3
 Lee's Rapid Deconstruct  Erth           ###.......   36%         5
 Cause Fear               Hex            ###.......   50%         4
 Leda's Liquefaction      Hex/Erth       ###.......   50%         4
 Petrify                  Tmut/Erth      ###.....     50%         4


Dungeon Overview and Level Annotations

Branches:
Dungeon (9/15)             Temple (1/1) D:6
   Lair: D:8-11         Orc: D:9-12

Altars:
Ashenzari
Cheibriados
Dithmenos
Elyvilon
Fedhas
Gozag
Hepliaklqana
Kikubaaqudgha
Makhleb
Nemelex Xobeh
Okawaru
Qazlal
Ru
Sif Muna
Trog
Uskayaw
Vehumet
Wu Jian
Xom
Yredelemnul
Zin
The Shining One

Shops:
D:4 *:

Annotations:
D:7 1 exclusion


Innate Abilities, Weirdness & Mutations

You have large cloven feet.
You expend magic power (3 MP) to strengthen your wands.


Message History

Confirm with . or Enter, or press ? or * to list all spells.
A cannonade of hail descends around you!
The hail misses the killer bee.
You feel sick.
The frozen ramparts melt away.
You feel sick.
You feel sick.
Casting: Hailstorm (dangerous; 1% risk of failure)
Confirm with . or Enter, or press ? or * to list all spells.
Aiming: Freeze (safe; 0% risk of failure)
Press: ? - help, Shift-Dir - straight line, f - killer bee
Aim: a killer bee (severely wounded)
You freeze the killer bee.
You kill the killer bee!
Vehumet accepts your kill.
You feel your power returning.
The killer bee buzzes angrily.
You feel sick.
Casting: Freeze (safe; 0% risk of failure)
Confirm with . or Enter, or press ? or * to list all spells.
The walls around you are covered in ice.
You feel sick.
The wall freezes the killer bee.
You feel sick.
The wall freezes the killer bee.
A killer bee comes into view.
The wall freezes the killer bee.
You block the killer bee's attack.
The wall freezes the killer bee. x2; You block the killer bee's attack.
You feel sick.
The wall freezes the killer bee.
The wall freezes the killer bee but do no damage.
The killer bee misses you.
Casting: Frozen Ramparts (safe; 1% risk of failure)
Confirm with . or Enter, or press ? or * to list all spells.
Aiming: Freeze (safe; 0% risk of failure)
Press: ? - help, Shift-Dir - straight line, f - killer bee
Aim: a killer bee (almost dead)
You freeze the killer bee.
You kill the killer bee!
Vehumet accepts your kill.
You feel your power returning.
Training target 4.0 for Dodging reached!
Your Dodging skill increases to level 4!
You feel sick.
You feel sick.
You start resting.
You feel sick.
A killer bee comes into view.
A killer bee is nearby!
Casting: Freeze (safe; 0% risk of failure)
Confirm with . or Enter, or press ? or * to list all spells.
You cannot sustain more frozen ramparts right now.
The frozen ramparts melt away.
You feel sick.
Casting: Frozen Ramparts (safe; 1% risk of failure)
Confirm with . or Enter, or press ? or * to list all spells.
The walls around you are covered in ice.
The wall freezes the killer bee.
Casting: Frozen Ramparts (safe; 1% risk of failure)
Confirm with . or Enter, or press ? or * to list all spells.
Aiming: Freeze (safe; 0% risk of failure)
Press: ? - help, Shift-Dir - straight line, f - killer bee
Aim: a killer bee (moderately wounded)
You freeze the killer bee!
The killer bee is severely wounded.
You feel sick.
The wall freezes the killer bee.
The killer bee stings you.
* * * LOW HITPOINT WARNING * * *
You are lethally poisoned!
The killer bee poisons you!
The wall freezes the killer bee.
The killer bee stings you.
You die...

#...#.# #..##.# #''##.# #..8#.#
#__##.# #⌠⌠#..# #### ####..#
###### ##...#
###..####....#####....###
###....#.#.....@##......#.###
#......#.#.#..y###..........#
###.........).###.....%$...##
##..........###..y........##
#..........†###.†††%.......
##...........###††##..y....
##.....†.........†#...(....
#..#.####........).y.......
#####..###.....................


You could see a killer bee.

Vanquished Creatures
  2 two-headed ogres
  2 hippogriffs (D:8)
  A wyvern (D:8)
  15 yaks
  Menkaure (D:4)
  2 water moccasins
  4 orc warriors (D:7)
  An ice beast (D:7)
  A hornet zombie (D:7)
  4 phantoms
  5 ogres
  3 centaurs
  2 crocodiles
  5 big kobolds (D:4)
  5 bullfrogs
  A wyvern zombie (D:9)
  2 wyvern skeletons
  4 scorpions
  15 killer bees
  An electric eel (D:7)
  2 howler monkeys
  6 hounds
  3 orc priests
  7 jellies
  Jessica (D:2)
  3 iguanas
  6 orc wizards
  4 worker ants
  7 gnolls
  A howler monkey skeleton (D:6)
  9 adders
  3 shadow imps
  3 white imps
  2 ufetubi
  An ooze (D:2)
  2 adder skeletons
  2 worms
  A dart slug (D:2)
  8 leopard geckos
  25 orcs
  5 giant cockroaches
  8 goblins
  12 hobgoblins
  10 jackals
  8 quokkas
  14 bats
  5 frilled lizards
  A jackal skeleton (D:8)
  48 kobolds
  A quokka skeleton (D:4)
  8 rats
292 creatures vanquished.

Vanquished Creatures (collateral kills)
  Harold (D:8)
  An ice beast (D:8)
2 creatures vanquished.

Grand Total: 294 creatures vanquished

Notes
Turn   | Place    | Note
-------+----------+-------------------------------------------
     0 | D:1      | Amnesiac the Deep Elf Ice Elementalist began the quest for
                  | the Orb.
     0 | D:1      | Reached XP level 1. HP: 10/10 MP: 6/6
   364 | D:1      | Reached XP level 2. HP: 15/15 MP: 2/8
   555 | D:1      | Reached skill level 5 in Ice Magic
   844 | D:1      | Reached XP level 3. HP: 19/19 MP: 8/10
  1066 | D:2      | Found a faded altar of an unknown god.
  1133 | D:2      | Learned a level 3 spell: Frozen Ramparts
  1178 | D:2      | Noticed Jessica
  1188 | D:2      | Killed Jessica
  1188 | D:2      | Reached XP level 4. HP: 15/24 MP: 0/12
  1200 | D:2      | Identified Jessica's Guide on the Traveller
  1346 | D:2      | Reached skill level 6 in Ice Magic
  1540 | D:3      | Learned a level 3 spell: Ozocubu's Armour
  1543 | D:3      | Learned a level 2 spell: Blink
  1588 | D:3      | Found a bloodstained altar of Trog.
  2078 | D:3      | Reached XP level 5. HP: 19/28 MP: 10/14
  2109 | D:3      | Learned a level 4 spell: Summon Ice Beast
  2318 | D:4      | Reached skill level 5 in Spellcasting
  2335 | D:4      | Noticed an ogre
  2345 | D:3      | Reached skill level 7 in Ice Magic
  2345 | D:3      | Reached XP level 6. HP: 11/32 MP: 1/16
  3456 | D:4      | Reached skill level 8 in Ice Magic
  3456 | D:4      | Reached XP level 7. HP: 33/36 MP: 13/18
  3467 | D:4      | Noticed Menkaure
  3478 | D:4      | Killed Menkaure
  3624 | D:4      | Found a shattered altar of Ashenzari.
  3755 | D:4      | Found Geizael's Book Boutique.
  3934 | D:4      | Found Ocatub's General Store.
  3944 | D:4      | Bought a potion of lignification for 33 gold pieces
  3944 | D:4      | Bought 18 stones for 19 gold pieces
  3944 | D:4      | Bought 21 stones for 23 gold pieces
  4011 | D:5      | Entered Level 5 of the Dungeon
  4014 | D:5      | Got an ebony rapier
  4015 | D:5      | Identified the +6 rapier of the Tomato {vorpal, rC++ Int+3
                  | Dex-2} (You found it on level 5 of the Dungeon)
  4166 | D:5      | Reached skill level 9 in Ice Magic
  4406 | D:5      | Learned a level 2 spell: Passwall
  4625 | D:5      | Found a burning altar of Makhleb.
  5163 | D:6      | Reached XP level 8. HP: 41/41 MP: 16/21
  5169 | D:6      | Learned a level 4 spell: Hailstorm
  5632 | D:6      | Found a staircase to the Ecumenical Temple.
  5633 | D:6      | Found a hide-covered altar of Uskayaw.
  5636 | D:6      | Noticed a +0 hand axe
  5636 | D:6      | Noticed a +0 hand axe
  5649 | Temple   | Entered the Ecumenical Temple
  5835 | Temple   | Became a worshipper of Vehumet
  5898 | D:6      | Reached skill level 10 in Ice Magic
  5941 | D:6      | Got a topaz-encrusted scale mail
  6098 | D:6      | Found a shattered altar of Ashenzari.
  6368 | D:6      | Found a glowing golden altar of the Shining One.
  6608 | D:4      | Reached * piety under Vehumet
  6608 | D:4      | Offered knowledge of Foxfire by Vehumet.
  6701 | D:4      | Reached skill level 11 in Ice Magic
  6971 | D:7      | Reached XP level 9. HP: 38/45 MP: 20/24
  6994 | D:7      | Identified the +5 scale mail "Leuq" {rPois rC+ MR+ Dex+2}
                  | (You found it on level 6 of the Dungeon)
  7083 | D:7      | Found a shadowy altar of Dithmenos.
  7211 | D:7      | Reached ** piety under Vehumet
  7211 | D:7      | Offered knowledge of Shock by Vehumet.
  7246 | D:7      | Reached skill level 10 in Spellcasting
  7325 | D:7      | Reached skill level 12 in Ice Magic
  8167 | D:7      | Reached skill level 1 in Shields
  8416 | D:7      | Gained mutation: You have large cloven feet. [potion of
                  | mutation]
  8416 | D:7      | Gained mutation: You expend magic power (3 MP) to
                  | strengthen your wands. [potion of mutation]
  8478 | D:8      | Offered knowledge of Inner Flame by Vehumet.
  8541 | D:8      | Reached XP level 10. HP: 42/50 MP: 20/26
  8543 | D:8      | Reached skill level 13 in Ice Magic
  8942 | D:8      | Noticed a two-headed ogre
  8957 | D:8      | Killed a two-headed ogre
  9005 | D:8      | Reached *** piety under Vehumet
  9645 | D:8      | Noticed Harold
  9659 | D:8      | Killed Harold
 10239 | D:9      | Reached skill level 14 in Ice Magic
 10244 | D:9      | Offered knowledge of Ignite Poison by Vehumet.
 10602 | D:9      | Noticed a two-headed ogre
 10617 | D:9      | Killed a two-headed ogre
 10666 | D:9      | Reached XP level 11. HP: 44/54 MP: 14/29
 10733 | D:9      | Found a white marble altar of Elyvilon.
 10733 | D:9      | Found a sacrificial altar of Ru.
 10789 | D:9      | Reached **** piety under Vehumet
 10807 | D:9      | Slain by a killer bee

Illustrated notes

Levels and vault maps discovered:
D:1:      saegor_arrival_under_anarchy, layout_basic
D:2:      layout_basic, chequers_ecumenical_altar_simple_redux, first_ration,
          kennysheep_jessica_study
D:3:      layout_loops_ring, bloody_trog, uniq_jessica
D:4:      minmay_goblin_kobold_castle, layout_rooms, kennysheep_mini,
          serial_shops, shop, shop, chequers_jeans, uniq_menkaure
D:5:      layout_rooms, makhleb_heckhound_becter,
          hangedman_abyss_or_decor_stabs, minivault_5,
          kennysheep_generic_room_11
D:6:      layout_basic, dancing_weapons_uskayaw, marbit_many_paths,
          temple_fountains, cheibrodos_ashenzari_chains
D:7:      statuecave_lemuel, layout_cave_pools, basic_altar
D:8:      layout_gridville, uniq_harold
D:9:      layout_cave_pools, gammafunk_temple_overflow_wave, david_nohive_1
Temple:   eino_temple_scatter_basement

Skill      XL: |  1  2  3  4  5  6  7  8  9 10 11 |
---------------+----------------------------------+-----
Ice Magic      | 5 6 7 8 9 11 12 14 | 14.7
Spellcasting   | 4 5 6 7 9 10 12 | 12.6
Shields        | 2 4 |  4.0
Stealth        | 3 |  3.0
Dodging        | 4 |  4.0

Action                   |  1- 3 |  4- 6 |  7- 9 | 10-12 || total
-------------------------+-------+-------+-------+-------++-------
Melee: Dagger            |       |    21 |     3 |       ||    24
       Rapier            |       |       |    45 |    11 ||    56
 Fire: Hunting sling     |    15 |    54 |   289 |    87 ||   445
 Cast: Freeze            |    61 |    61 |    73 |    41 ||   236
       Frozen Ramparts   |       |     4 |    18 |    15 ||    37
       Passwall          |       |       |     1 |       ||     1
       Hailstorm         |       |       |       |    28 ||    28
       Summon Ice Beast  |       |       |       |     7 ||     7
  Use: Scroll            |       |     5 |       |     7 ||    12
       Potion            |       |       |     5 |     3 ||     8
 Stab: Sleeping          |       |     2 |       |       ||     2
  Eat: Ration            |     2 |     1 |     4 |     3 ||    10
Armor: Robe              |    13 |    13 |       |       ||    26
       Leather armour    |       |     1 |    44 |    29 ||    74
       Scale mail        |       |       |    54 |       ||    54
Dodge: Dodged            |    22 |    63 |   111 |    60 ||   256
Block: Buckler           |       |       |       |    21 ||    21

Table legend:
 A = Non-vault XP
 B = Vault XP
 C = Vault XP percentage of total XP
 D = Non-vault monster count
 E = Vault monster count
 F = Vault count percentage of total count
                 A         B        C        D         E       F
            +---------+---------+-------+---------+---------+-------
      Total |   11371 |    2255 |  16.5 |     234 |      60 |  20.4
            +---------+---------+-------+---------+---------+-------
        D:1 |      58 |       0 |   0.0 |      35 |       0 |   0.0
        D:2 |      56 |      39 |  41.1 |      27 |       2 |   6.9
        D:3 |     347 |       0 |   0.0 |      33 |       0 |   0.0
        D:4 |     415 |     755 |  64.5 |      15 |      43 |  74.1
        D:5 |     272 |      51 |  15.8 |       8 |       2 |  20.0
        D:6 |     642 |       2 |   0.3 |      18 |       1 |   5.3
        D:7 |    2125 |       0 |   0.0 |      44 |       0 |   0.0
        D:8 |    3603 |     730 |  16.8 |      25 |       1 |   3.8
        D:9 |    3853 |     678 |  15.0 |      29 |      11 |  27.5
            +---------+---------+-------+---------+---------+-------
